 Dungeon Crawl Stone Soup version 0.19.1 (webtiles) character file.

212 Faustar the Ruffian (level 5, -6/46 HPs)
             Began as a Troll Transmuter on Dec 22, 2016.
             Mangled by an orc priest
             ... wielding a +0 war axe
              (10 damage)
             ... on level 3 of the Dungeon.
             The game lasted 00:01:56 (1552 turns).

Faustar the Ruffian (Troll Transmuter)              Turns: 1552, Time: 00:01:56

Health: -6/46      AC:  5    Str: 19    XL:     5   Next: 58%
Magic:  5/5        EV: 10    Int:  9    God:
Gold:   111        SH:  0    Dex: 10    Spells: 1 memorised, 5 levels left

rFire  . . .     SeeInvis .       - Unarmed
rCold  + . .     Gourm    +     b - +0 robe
rNeg   . . .     Faith    .     (no shield)
rPois  .         Spirit   .     (helmet restricted)
rElec  .         Reflect  .     f - +0 cloak
rCorr  .         Harm     .     (gloves unavailable)
MR     .....                    (boots unavailable)
Stlth  +.........               (no amulet)
                                (no ring)
                                (no ring)

@: lethally poisoned (-6 -> -7)
A: unfitting armour, claws 3, cold resistance 1, deformed body, fast metabolism
3, gourmand, low mp 1, regeneration 1, shaggy fur 1, tough skin 2
a: no special abilities


You were on level 3 of the Dungeon.
You were not hungry.

You visited 1 branch of the dungeon, and saw 3 of its levels.

You collected 111 gold pieces.

Inventory:

Missiles
 a - 26 arrows
Armour
 b - a +0 robe (worn)
 f - a +0 cloak (worn)
Jewellery
 i - an uncursed amulet of rage {unknown}
Wands
 r - a wand of slowing (8/48)
Scrolls
 g - 2 scrolls of enchant armour {unknown}
 j - a scroll of fear {unknown}
 k - a scroll of blinking {unknown}
 l - 5 scrolls of identify {unknown}
 q - a scroll of remove curse {unknown}
Potions
 e - a potion of mutation
 h - a potion of ambrosia {unknown}
 m - 2 potions of curing {unknown}
 n - a potion of brilliance {unknown}
 o - 2 potions of resistance {unknown}
 p - a potion of heal wounds {unknown}
 s - a potion of berserk rage {unknown}
 t - a potion of beneficial mutation {unknown}
Books
 c - a book of Changes

   Spells                             Type                      Level
   a - Beastly Appendage              Transmutation                1
   b - Sticks to Snakes               Transmutation                2
   c - Spider Form                    Transmutation/Poison         3
   d - Ice Form                       Ice/Transmutation            4
   e - Blade Hands                    Transmutation                5
Comestibles
 d - 2 bread rations


   Skills:
 - Level 0.7 Fighting
 - Level 1.5 Dodging
 + Level 6.4 Unarmed Combat
 - Level 1.2 Spellcasting
 - Level 1.3 Transmutations


You had 5 spell levels left.
You knew the following spells:

 Your Spells              Type           Power        Failure   Level  Hunger
a - Beastly Appendage     Tmut           #.....       21%         1    ##.....


Dungeon Overview and Level Annotations

Branches:
Dungeon (3/15)

Altars:
Sif Muna


Innate Abilities, Weirdness & Mutations

You are too large for most types of armour.
You have claws for hands.
Your metabolism is lightning-fast.
You like to eat raw meat.
Your natural rate of healing is unusually fast.
You are covered in fur. (AC +1)
You have very tough skin. (AC +2)
Your flesh is cold resistant. (rC+)
Armour fits poorly on your strangely shaped body.
Your magical capacity is low. (-10% MP)


Message History

* * * LOW HITPOINT WARNING * * *
You barely miss the orc priest.
The orc priest is severely wounded.
The orc priest closely misses you.
You scratch the orc priest.
The orc priest is almost dead.
You scratch the orc priest but do no damage.
The orc priest is almost dead.
You feel sick.
The orc priest casts a cantrip, but nothing happens.
You scratch the orc priest but do no damage.
The orc priest is almost dead.
The orc priest hits you but does no damage.
You claw the orc priest!
You kill the orc priest!
It was a potion of mutation.
You feel extremely strange.
You feel resistant to cold.
You feel less energetic.
Your body twists and deforms.
The orc priest hits you with a war axe!
You die...

... ..# ### #.#
...# #####.####
####...# ......#..
...#... ####..#.#
#. #..... ##.#)#
#.##.... #.#.# #.#
... #.#.# #.# #o#
#.###...# #.# #@#
........# #.# #.#
#.###...####.###.#
#.####..#........#
........#.##.#####
..........#...#
..######.##...#
..# #..#)(.# ..#
##.#...#


You could see an orc priest.

Vanquished Creatures
  An orc priest (D:3)
  Jessica (D:3)
  Natasha (thrice) (D:2)
  2 adders
  2 worms (D:2)
  A dart slug (D:1)
  3 leopard geckos
  3 orcs (D:3)
  5 bats
  2 giant cockroaches
  6 goblins
  9 hobgoblins
  2 jackals (D:1)
  6 kobolds
  6 rats
52 creatures vanquished.

Notes
Turn   | Place    | Note
-------+----------+-------------------------------------------
     0 | D:1      | Faustar the Troll Transmuter began the quest for the Orb.
     0 | D:1      | Reached XP level 1. HP: 18/18 MP: 1/1
   117 | D:1      | Reached XP level 2. HP: 26/26 MP: 2/2
   442 | D:1      | Reached skill level 4 in Unarmed Combat
   542 | D:2      | Noticed Natasha
   551 | D:2      | Killed Natasha
   551 | D:2      | Reached XP level 3. HP: 17/32 MP: 3/3
   758 | D:2      | Reached XP level 4. HP: 21/40 MP: 4/4
   822 | D:2      | Reached skill level 5 in Unarmed Combat
   914 | D:2      | Found a deep blue altar of Sif Muna.
  1262 | D:2      | Noticed Natasha
  1267 | D:2      | Killed Natasha
  1274 | D:2      | Noticed Natasha
  1279 | D:2      | Killed Natasha
  1386 | D:3      | Reached XP level 5. HP: 45/46 MP: 5/5
  1498 | D:3      | Noticed Jessica
  1502 | D:3      | Killed Jessica
  1502 | D:3      | Reached skill level 6 in Unarmed Combat
  1546 | D:3      | HP: 2/46 [orc priest/divine providence (9)]
  1552 | D:3      | Gained mutation: Your flesh is cold resistant. (rC+) [potion of mutation]
  1552 | D:3      | Gained mutation: Your magical capacity is low. (-10% MP) [potion of mutation]
  1552 | D:3      | Gained mutation: Armour fits poorly on your strangely shaped body. [potion of mutation]
  1552 | D:3      | Mangled by an orc priest

Skill      XL: |  1  2  3  4  5 |
---------------+----------------+-----
Unarmed Combat | 4 5 6 |  6.4
Fighting       | |  0.7
Dodging        | |  1.5
Spellcasting   | |  1.2
Transmutations | |  1.3

Action                   |  1- 3 |  4- 6 || total
-------------------------+-------+-------++-------
Melee: Unarmed           |    75 |    66 ||   141
  Use: Potion            |       |     1 ||     1
 Stab: Sleeping          |     1 |       ||     1
  Eat: Chunk             |     4 |    10 ||    14
Armor: Robe              |    21 |    15 ||    36
Dodge: Dodged            |    35 |    24 ||    59
